 Dungeon Crawl Stone Soup version 0.28.0 (webtiles) character file.

Game seed: 5530222379189148556

181 croobank the Firebug (level 5, -1/57 HPs)
             Began as a Draconian Fire Elementalist on Feb 13, 2022.
             Slain by a kobold brigand (5 damage)
             ... on level 4 of the Dungeon.
             The game lasted 00:12:52 (3727 turns).

croobank the Firebug (Draconian Fire Elementalist)  Turns: 3727, Time: 00:12:54

Health: -1/57      AC:  5    Str: 10    XL:     5   Next: 34%
Magic:  2/9        EV: 12    Int: 18    God:
Gold:   63         SH:  0    Dex: 11    Spells: 2/9 levels left

rFire   . . .      SeeInvis .   a - +0 dagger
rCold   . . .      Faith    .   (no shield)
rNeg    . . .      Spirit   .   (armour unavailable)
rPois   .          Reflect  .   (helmet restricted)
rElec   .          Harm     .   (no cloak)
rCorr   .          Rampage  .   (no gloves)
Will    .....                   (no boots)
Stlth   ..........              (no amulet)
HPRegen 0.19/turn               (no ring)
MPRegen 0.11/turn               (no ring)

@: berserking, lethally poisoned (-1 -> -5), slowed
A: AC +5, unfitting armour, cold-blooded
a: no special abilities


You were on level 4 of the Dungeon.
You visited 1 branch of the dungeon, and saw 4 of its levels.

You collected 63 gold pieces.

Inventory:

Hand Weapons
 a - a +0 dagger (weapon)
 b - a +0 hunting sling
Missiles
 d - 23 bolts
 g - 74 arrows
 j - 20 sling bullets
 m - 25 stones
Jewellery
 u - an amulet of reflection
Scrolls
 h - a scroll of fear
 k - a scroll of teleportation
 l - a scroll of vulnerability {unknown}
 n - a scroll of immolation {unknown}
 o - a scroll of enchant armour {unknown}
 q - a scroll of blinking {unknown}
 r - a scroll of fog {unknown}
 t - a scroll of holy word
Potions
 c - 2 potions of lignification
 f - a potion of curing {unknown}
 i - a potion of ambrosia {unknown}
 s - a potion of attraction {unknown}
 v - a potion of mutation {unknown}


   Skills:
 + Level 2.7 Dodging
 + Level 2.9 Stealth
 + Level 2.8 Spellcasting
 + Level 2.4 Conjurations
 + Level 3.8 Fire Magic


You had 2 spell levels left.
You knew the following spells:

 Your Spells              Type           Power      Damage    Failure   Level
a - Foxfire               Conj/Fire      52%        2x1d6     4%          1
b - Scorch                Fire           32%        2d7       5%          2
c - Flame Wave            Conj/Fire      13%        2d6       41%         4

Your spell library contained the following spells:

 Spells                   Type           Power      Damage    Failure   Level
 Sublimation of Blood     Necr           2%         N/A       26%         2
 Wereblood                Tmut           2%         N/A       26%         2
 Conjure Flame            Conj/Fire      13%        6-21      14%         3
 Inner Flame              Hex/Fire       9%         N/A       22%         3
 Gell's Gravitas          Tloc           2%         N/A       45%         3
 Lesser Beckoning         Tloc           2%         N/A       45%         3
 Teleport Other           Tloc           2%         N/A       45%         3
 Summon Hydra             Summ           1%         N/A       100%        7


Dungeon Overview and Level Annotations

Branches:
Dungeon (4/15)
 Temple: D:4-7

Altars:
The Shining One


Innate Abilities, Weirdness & Mutations

Your plain brown scales are hard. (AC +5)
You cannot fit into any form of body armour.
You are cold-blooded and may be slowed by cold attacks.


Message History

You feel sick.
The kobold brigand throws a curare-tipped dart.
The curare-tipped dart hits you.
You are lethally poisoned!
You have difficulty breathing.
* * * LOW HITPOINT WARNING * * *
You feel as though you will be slow longer.
You feel much better.
You feel extremely sick.
The kobold brigand throws a curare-tipped dart.
The curare-tipped dart hits you.
You are lethally poisoned!
You have difficulty breathing.
You feel as though you will be slow longer.
You feel much better.
You feel extremely sick. The kobold brigand closely misses you.
You hit the kobold brigand.
The kobold brigand is lightly wounded.
You feel very sick. The kobold brigand closely misses you.
You completely miss the kobold brigand.
The kobold brigand is lightly wounded.
You feel very sick. The kobold brigand closely misses you.
The kobold brigand hits you with a +0 club.
* * * LOW HITPOINT WARNING * * *
It was a potion of berserk rage.
A red film seems to cover your vision as you go berserk!
You feel yourself moving faster!
You feel mighty!
You feel very sick.
The kobold brigand hits you with a +0 club.
* * * LOW HITPOINT WARNING * * *
You hit the kobold brigand.
You tail-slap the kobold brigand, but do no damage.
The kobold brigand is moderately wounded.
* * * LOW HITPOINT WARNING * * *
You feel sick.
The kobold brigand hits you with a +0 club.
You die...

... #... #. ..##..#
#..#####....#
#.....##...# #######
####.#..# ......#
#......##
.)...[####.##.### #
...........##.####.#..#
.....<#######..K@....#
.........##########.....
......##.......####..###
......#######........#
......# ####..........
####### #......#####..
########>....##
#......<.#####
#.......##


You could see a kobold brigand.

Vanquished Creatures
  A scorpion (D:4)
  Robin (D:2)
  2 adders (D:2)
  2 worms
  2 dart slugs (D:2)
  An orc (D:3)
  5 bats
  9 endoplasms
  2 giant cockroaches
  6 hobgoblins
  5 jackals
  5 quokkas
  7 ball pythons
  4 frilled lizards
  19 goblins
  4 kobolds
  3 rats
78 creatures vanquished.

Vanquished Creatures (others)
  129 foxfires
  24 plants (D:2)
153 creatures vanquished.

Grand Total: 231 creatures vanquished

Notes
Turn   | Place    | Note
-------+----------+-------------------------------------------
     0 | D:1      | croobank the Draconian Fire Elementalist began the quest
                  | for the Orb.
     0 | D:1      | Reached XP level 1. HP: 14/14 MP: 3/3
   395 | D:1      | Reached XP level 2. HP: 20/20 MP: 3/5
   889 | D:1      | Learned a level 2 spell: Scorch
  1176 | D:2      | Reached XP level 3. HP: 26/26 MP: 4/6
  2023 | D:2      | Reached XP level 4. HP: 33/33 MP: 0/7
  2135 | D:2      | Noticed Robin
  2143 | D:2      | Killed Robin
  2757 | D:3      | Found a glowing golden altar of the Shining One.
  3166 | D:3      | Found a faded altar of an unknown god.
  3189 | D:3      | Learned a level 4 spell: Flame Wave
  3701 | D:4      | Noticed a scorpion
  3707 | D:4      | Killed a scorpion
  3708 | D:4      | Reached XP level 5. HP: 35/38 MP: 1/9
  3727 | D:4      | Slain by a kobold brigand

Illustrated notes

Levels and vault maps discovered:
D:1:      kennysheep_arrival_forest, layout_basic,
          amcnicky_mini_rare_corridor_liquid, st_stairs_10
D:2:      layout_loops_ring, serial_bayou_pond_c, minmay_split_cup_small,
          uniq_robin
D:3:      layout_loops_corners, lemuel_doored_altar,
          chequers_ecumenical_altar_simple
D:4:      layout_rooms

Skill      XL: |  1  2  3  4 |
---------------+-------------+-----
Stealth        | 2 |  2.9
Dodging        | 2 |  2.7
Conjurations   | 2 |  2.4
Spellcasting   | |  2.8
Fire Magic     | |  3.8

Action                   |  1- 3 |  4- 6 || total
-------------------------+-------+-------++-------
Melee: Unarmed           |     6 |       ||     6
       Dagger            |    36 |    25 ||    61
       Tailslap          |     5 |     2 ||     7
 Fire: Hunting sling     |       |     3 ||     3
 Cast: Foxfire           |    58 |    26 ||    84
       Scorch            |     9 |    11 ||    20
  Use: Scroll            |     1 |     5 ||     6
       Potion            |       |     3 ||     3
Armor: Skin              |    29 |     5 ||    34
Dodge: Dodged            |    45 |    22 ||    67
